 Dungeon Crawl Stone Soup version 0.31.0-4-g52a2dc7128 (webtiles) character file.

Game seed: 16530710959932854359

13281 Daunt the Martial Artist (level 12, -1/91 HPs)
             Began as a Merfolk Earth Elementalist on Jan 22, 2024.
             Was a Believer of Nemelex Xobeh.
             Engulfed by a cloud of freezing vapour (13 damage)
             ... in an ice cave.
             The game lasted 01:10:37 (12909 turns).

Daunt the Martial Artist (MfEE)                    Turns: 12909, Time: 01:10:37

Health: -1/91      AC:  9    Str:  9    XL:     12   Next: 4%
Magic:  15/15      EV: 21    Int: 15    God:    Nemelex Xobeh [**....]
Gold:   1163       SH:  0    Dex: 18    Spells: 10/15 levels left

rFire   + .          .
                       - Unarmed
rCold   + . .        (shield currently unavailable)
rNeg    . . .        N - +3 leather armour {rF+}
rPois   .            L - +0 helmet
rElec   .            H - +0 cloak
rCorr   .            (gloves currently unavailable)
SInv    .            R - +3 pair of mountain boots {steadfast, rC+}
Will    +....        f - amulet of regeneration
Stlth   +++          A - +5 ring of evasion
HPRegen 1.15/turn    x - ring of willpower
MPRegen 0.14/turn

%: no passive effects
@: blade hands
A: (nimble swimmer 2), mertail
a: Begin Untransformation, Renounce Religion, Draw Escape, Draw Destruction,
Draw Summoning


You were in an ice cave.
You worshipped Nemelex Xobeh.
Nemelex Xobeh was pleased with you.
You had blades for hands.
You visited 4 branches of the dungeon, and saw 15 of its levels.
You also visited: Sewer, Bailey and Ice Cave.

You collected 1163 gold pieces.

Inventory:

Hand Weapons
 a - the +1 sling "Kiciblack" {drain, rElec rPois MP+9 Int-5}
   (You found it on level 3 of the Dungeon)

   Int-5:     It affects your intelligence (-5).
   rElec:     It insulates you from electricity.
   rPois:     It protects you from poison MP+9: It affects your magic capacity
   (+9).
 F - a +2 longbow of freezing
Missiles
 g - a curare-tipped dart
 u - 46 poisoned darts
 O - 10 throwing nets
Armour
 c - a +2 crystal plate armour of cold resistance
 B - a +0 troll leather armour
 H - a +0 cloak (worn)
 K - a scarf of repulsion
 L - a +0 helmet (worn)
 N - a +3 leather armour of fire resistance (worn)
 R - the +3 pair of mountain boots (worn) {steadfast, rC+}
   (You found it in a bailey)

   Steadfast: It prevents involuntary movement, except for blinking,
   teleportation, or banishment.
   rC+:       It protects you from cold.
 S - +0 acid dragon scales
Jewellery
 f - an amulet of regeneration (around neck)
 x - a ring of willpower (right blade hand)
 z - an amulet of the acrobat
 A - a +5 ring of evasion (left blade hand)
 W - a ring of fire
Talismans
 l - a serpent talisman
 p - a blade talisman (active)
Wands
 E - a wand of flame (26)
 M - a wand of quicksilver (5)
 Q - a wand of paralysis (4)
 V - a wand of roots (7)
Scrolls
 e - 2 scrolls of revelation {unknown}
 n - 4 scrolls of teleportation {unknown}
 q - 4 scrolls of poison {unknown}
 s - 2 scrolls of immolation {unknown}
 w - a scroll of brand weapon {unknown}
 y - 2 scrolls of amnesia {unknown}
 C - a scroll of enchant armour {unknown}
 G - a scroll of fear {unknown}
 I - 2 scrolls of acquirement {unknown}
 P - a scroll of noise {unknown}
 U - 2 scrolls of enchant weapon {unknown}
Potions
 b - 2 potions of magic
 d - a potion of resistance
 h - a potion of berserk rage
 j - 2 potions of lignification
 k - 3 potions of enlightenment
 m - 3 potions of curing
 o - 2 potions of heal wounds
 r - a potion of might {unknown}
 t - 2 potions of haste
 v - a potion of invisibility {unknown}
 D - a potion of degeneration {unknown}
 J - a potion of attraction {unknown}


   Skills:
 + Level 7.0 Fighting
 - Level 6.0 Ranged Weapons
 - Level 1.0 Armour
 + Level 7.9 Dodging
 - Level 6.0 Stealth
 + Level 11.7 Unarmed Combat
 - Level 2.0 Spellcasting
 - Level 0.7 Conjurations
 - Level 2.1 Summonings
 + Level 3.3 Earth Magic
 + Level 3.6 Invocations
 - Level 10.0 Shapeshifting


You had 10 spell levels left.
You knew the following spells:

 Your Spells              Type           Power      Damage    Failure   Level
a - Sandblast             Erth           22%        2d7       8%          1
m - Summon Small Mammal   Summ           28%        N/A       13%         1
p - Passwall              Erth           11%        N/A       22%         3

Your spell library contained the following spells:

 Spells                   Type           Power      Damage    Failure   Level
 Foxfire                  Conj/Fire      8%         2x1d4     26%         1
 Sting                    Conj/Alch      8%         1d3       26%         1
 Apportation              Tloc           2%         N/A       30%         1
 Necrotise                Necr           4%         1d4       30%         1
 Stone Arrow              Conj/Erth      14%        3d7       36%         3
 Ensorcelled Hibernation  Hex/Ice        2%         N/A       41%         2
 Inner Flame              Hex/Fire       1%         N/A       65%         3
 Sigil of Binding         Hex            1%         N/A       65%         3
 Swiftness                Air            1%         N/A       65%         3
 Brom's Barrelling Bould  Conj/Erth      7%         2d3       78%         4
 Petrify                  Alch/Erth      6%         N/A       83%         4
 Cause Fear               Hex            0%         N/A       96%         4
 Silence                  Hex/Air        0%         N/A       100%        5
 Plasma Beam              Fire/Air       0%         2x1d10    100%        6
 Starburst                Conj/Fire      1%         6d3       100%        6


Dungeon Overview and Level Annotations

Branches:
Dungeon (11/15)            Temple (1/1) D:7            Lair (1/5) D:9
    Orc (2/2) D:9             Elf (0/3) Orc:2         Sewer (visited)
 Bailey (visited)           IceCv (1/1)

Altars:
Ashenzari
Cheibriados
Dithmenos
Elyvilon
Fedhas
Gozag
Hepliaklqana
Kikubaaqudgha
Nemelex Xobeh
Okawaru
Qazlal
Ru
Sif Muna
Trog
Uskayaw
Vehumet
Wu Jian
Xom
Yredelemnul
Zin
The Shining One

Shops:
D:10 :   Orc:1 =(=[

Portals:
Trove: D:10 (give 4 scrolls of fear)

Annotations:
D:8 Jeremiah
Orc:1 3 transporters, Nergalle


Innate Abilities, Weirdness & Mutations

You have blades for hands.
You are incapable of wielding weapons or throwing items.
((You are very nimble when in or above water. (Stealth+, EV+, Speed+++)))
Your lower body shifts to a powerful aquatic tail in water.


Message History

The glowing shapeshifter simulacrum vaporises!
Unknown command.
You start resting.
HP restored.
An ice statue comes into view.
Marking area around an ice statue as unsafe for travelling.
The ice statue gestures at you. The bolt of cold misses you.
The ice statue gestures at you. The shard of ice hits you!!
You partially resist.
A slime creature simulacrum comes into view.
The ice statue gestures at you. The bolt of cold misses you.
You slash the ice statue!
The ice statue is lightly damaged.
You slice the ice statue!!
The ice statue is heavily damaged.
The ice statue gestures at you. The shard of ice hits you!!
You partially resist.
You slash the ice statue!
The ice statue is severely damaged.
The ice statue gestures at you. The freezing blast engulfs you. You resist.
You slash the ice statue!
The ice statue is almost destroyed.
You are engulfed in freezing vapours.
You resist. The ice statue gestures at you. The shard of ice hits you!
You partially resist.
* * * LOW HITPOINT WARNING * * *
You slash the ice statue!
You destroy the ice statue!
You are engulfed in freezing vapours.
You resist.
* * * LOW HITPOINT WARNING * * *
Your Fighting skill increases to level 7!
Unknown command.
Unknown command.
Unknown command.
You are engulfed in freezing vapours.
You resist.
You die...
Your body glows with a rainbow of weird colours and disappears.

##### ##...##
#.....##
##......#
#.......#
#○..☼#..##
#☼☼@##...##
#☼§####...#
#○○##.##..##
#.☼##..##..#
#...#...#..#
#..Z##..##.##
#....#..##..#
###..##..#..#
###
...#..##.####.##


There were no monsters in sight!

Vanquished Creatures
  A death yak (D:9)
  Erica (D:10)
  2 two-headed ogres
  Pikel (D:8)
  An ice statue (IceCv)
  2 rime drakes (D:11)
  2 trolls (D:10)
  6 slime creatures (IceCv)
  2 shadows
  A wraith (D:8)
  8 yaks
  A steam dragon (D:8)
  Grum (D:8)
  An acid dragon (D:10)
  2 water moccasins
  8 orc warriors
  A black bear (D:7)
  A sky beast (D:8)
  An ice beast (D:5)
  3 ogres
  9 wolves
  3 centaurs
  A crocodile (Sewer)
  2 lemures (D:7)
  A phantom (D:5)
  2 slime creature simulacra (IceCv)
  4 kobold brigands
  4 bullfrogs
  A brain worm (Sewer)
  7 gnoll sergeants
  6 scorpions
  3 glowing shapeshifter simulacra (IceCv)
  3 howler monkeys (D:8)
  8 hounds
  5 gnoll boudas (Bailey)
  7 orc priests
  An iguana (D:6)
  A sleepcap (D:6)
  Ijyb (D:4)
  22 orc wizards
  A shapeshifter simulacrum (IceCv)
  9 adders
  26 gnolls
  A river rat (D:3)
  A shadow imp (D:8)
  A white imp (D:6)
  2 ufetubi (D:7)
  2 dart slugs
  7 ribbon worms
  47 orcs
  14 bats
  6 endoplasms
  4 giant cockroaches
  5 goblins
  12 hobgoblins
  14 jackals
  29 kobolds
  A quokka (D:5)
  8 ball pythons
  6 frilled lizards
  7 rats
340 creatures vanquished.

Notes
Turn   | Place    | Note
-------+----------+-------------------------------------------
     0 | D:1      | Daunt the Merfolk Earth Elementalist began the quest for
                  | the Orb.
     0 | D:1      | Reached XP level 1. HP: 13/13 MP: 3/3
   158 | D:1      | Reached skill level 1 in Fighting
   259 | D:1      | Reached XP level 2. HP: 21/22 MP: 1/5
   346 | D:1      | Got the Almanac of Ill Luck
   673 | D:1      | Reached XP level 3. HP: 22/28 MP: 0/6
   904 | D:1      | Learned a level 1 spell: Summon Small Mammal
  1230 | D:2      | Reached skill level 1 in Summonings
  1484 | D:2      | Reached XP level 4. HP: 35/35 MP: 5/7
  1859 | D:2      | Reached skill level 1 in Unarmed Combat
  2189 | D:3      | Reached skill level 2 in Unarmed Combat
  2189 | D:3      | Reached XP level 5. HP: 41/41 MP: 2/8
  2232 | D:3      | Identified the +1 sling "Kiciblack" {drain, rElec rPois
                  | MP+9 Int-5}
  2275 | D:3      | Reached skill level 3 in Unarmed Combat
  2404 | D:3      | Reached skill level 4 in Unarmed Combat
  2409 | D:3      | Reached XP level 6. HP: 42/47 MP: 8/9
  2521 | D:3      | Found a glowing drain.
  2528 | Sewer    | Entered a sewer
  2589 | Sewer    | Reached skill level 5 in Unarmed Combat
  2613 | Sewer    | HP: 2/47 [crocodile (2)]
  2615 | Sewer    | Reached skill level 1 in Ranged Weapons
  3095 | D:3      | Identified the +3 hand axe of Iffonapo {freeze, ^Drain
                  | rPois Will+ SInv}
  3310 | D:4      | Reached XP level 7. HP: 52/52 MP: 10/10
  3405 | D:4      | Found a glowing golden altar of the Shining One.
  3434 | D:4      | Found a shadowy altar of Dithmenos.
  3506 | D:4      | Noticed Ijyb
  4265 | D:5      | Entered Level 5 of the Dungeon
  4989 | D:5      | Reached skill level 5 in Ranged Weapons
  4989 | D:5      | Reached XP level 8. HP: 58/58 MP: 11/11
  5045 | D:5      | Reached skill level 1 in Armour
  5053 | D:5      | Reached skill level 6 in Unarmed Combat
  6063 | D:6      | Found a radiant altar of Vehumet.
  6081 | D:6      | Reached skill level 7 in Unarmed Combat
  6087 | D:6      | Reached XP level 9. HP: 60/64 MP: 12/12
  6168 | D:6      | Reached skill level 8 in Unarmed Combat
  6723 | D:7      | Reached skill level 9 in Unarmed Combat
  6756 | D:7      | Found a basalt altar of Yredelemnul.
  7122 | D:7      | Found a staircase to the Ecumenical Temple.
  7190 | Temple   | Entered the Ecumenical Temple
  7195 | Temple   | Became a worshipper of Nemelex Xobeh the Trickster
  7293 | D:8      | Noticed Jeremiah
  7457 | D:4      | Killed Ijyb
  7607 | D:8      | Noticed Grum
  7626 | D:8      | Reached skill level 10 in Unarmed Combat
  7629 | D:8      | Reached skill level 1 in Shapeshifting
  7633 | D:8      | Killed Grum
  7683 | D:8      | Found a shimmering altar of Xom.
  7684 | D:8      | Found a hazy altar of Hepliaklqana.
  7685 | D:8      | Noticed a spectral ugly thing
  7952 | D:8      | Reached skill level 5 in Shapeshifting
  7975 | D:8      | Found a bloodstained altar of Trog.
  8041 | D:8      | Noticed Pikel
  8670 | D:8      | Killed Pikel
  8671 | D:8      | Reached XP level 10. HP: 61/70 MP: 13/13
  8722 | D:9      | Reached * piety under Nemelex Xobeh
  9149 | D:9      | Received a gift from Nemelex Xobeh
  9235 | D:9      | Noticed a two-headed ogre
  9750 | D:9      | Killed a two-headed ogre
  9751 | D:9      | Reached skill level 10 in Shapeshifting
  9836 | D:9      | Found a staircase to the Lair.
  9889 | D:9      | Found an ornate altar of the Wu Jian Council.
  9897 | D:9      | Found a sacrificial altar of Ru.
 10223 | D:9      | Found a staircase to the Orcish Mines.
 10270 | D:10     | Entered Level 10 of the Dungeon
 10328 | D:10     | Reached XP level 11. HP: 62/78 MP: 14/14
 10346 | D:10     | Found a white marble altar of Elyvilon.
 10353 | D:10     | Reached skill level 5 in Dodging
 10432 | D:10     | Found a flagged portal.
 10441 | Bailey   | Entered a bailey
 10456 | Bailey   | Reached skill level 5 in Fighting
 10702 | Bailey   | Reached skill level 5 in Stealth
 10796 | Bailey   | Paralysed by a gnoll sergeant for 2 turns
 10824 | Bailey   | Found the +3 pair of mountain boots {steadfast, rC+}
 10907 | D:10     | Reached ** piety under Nemelex Xobeh
 10908 | D:10     | Noticed a two-headed ogre
 10927 | D:10     | Killed a two-headed ogre
 10928 | D:10     | Reached skill level 11 in Unarmed Combat
 10992 | D:10     | Noticed Erica
 11010 | D:10     | Found Duhak's Book Shop.
 11084 | Lair:1   | Entered Level 1 of the Lair of Beasts
 11086 | Lair:1   | Noticed a death yak
 11088 | Lair:1   | Noticed a death yak
 11090 | Lair:1   | Noticed a death yak
 11092 | Lair:1   | Noticed a death yak
 11107 | D:9      | Killed a death yak
 11108 | D:9      | Reached skill level 1 in Invocations
 11182 | Orc:1    | Entered Level 1 of the Orcish Mines
 11182 | Orc:1    | Found Iluahyni's Antique Weapon Shop.
 11182 | Orc:1    | Found a transporter.
 11247 | Orc:1    | Noticed an orc warlord
 11254 | Orc:1    | Received a gift from Nemelex Xobeh
 11272 | Orc:1    | Found a transporter.
 11272 | Orc:1    | Noticed an orc knight
 11272 | Orc:1    | Noticed an orc knight
 11279 | Orc:1    | Found a transporter.
 11280 | Orc:1    | Found Boyptus's Jewellery Shop.
 11281 | Orc:1    | Noticed Nergalle
 11473 | Orc:1    | Received a gift from Nemelex Xobeh
 11478 | Orc:1    | Found Maedoasi's Jewellery Emporium.
 11491 | Orc:1    | Found Nirocw's Antique Armour Shop.
 11537 | Orc:2    | Entered Level 2 of the Orcish Mines
 11537 | Orc:2    | Found a staircase to the Elven Halls.
 11543 | Orc:2    | Noticed an orc high priest
 11737 | D:10     | Learned a level 3 spell: Passwall
 11875 | D:10     | Found a portal to a secret trove of treasure.
 12305 | D:10     | Killed Erica
 12537 | D:11     | Found a frozen archway.
 12573 | IceCv    | Entered an ice cave
 12874 | IceCv    | Reached XP level 12. HP: 89/89 MP: 15/15
 12909 | IceCv    | Engulfed by a cloud of freezing vapour

Illustrated notes

Levels and vault maps discovered:
D:1:      dpeg_arrival_tiny_g, layout_loops_ring
D:2:      layout_rooms, serial_glass, glass_columns_b, glass_columns_a,
          chequers_serial_rivers_room_a, kennysheep_cross_room
D:3:      layout_loops_ring, lightli_sewer_entry_pipes, minmay_misc_feat_alley,
          st_stairs_14, minmay_hedge_maze, hangedman_decor_points,
          chequers_decorated_corner, hangedman_decor_diamond_cutter
D:4:      corexii_shack_village, layout_loops_corners, lemuel_crystal_altar,
          tso_oasis_becter, uniq_ijyb
D:5:      layout_basic, minmay_misc_feat_columns, nicolae_elevator_lobby_plus
D:6:      layout_basic, nicolae_vehumet_radiance
D:7:      layout_basic, overflow_temple_1_default,
          minmay_temple_entry_glassed_door
D:8:      layout_loops_corners, regret_index_temple_of_mockery,
          mainiacjoe_overflow_boulevard, general_overflow_altar, uniq_jeremiah,
          uniq_grum, uniq_pikel
D:9:      layout_basic, grunt_temple_overflow_open, dpeg_oklobed_lair,
          david_orc_4, minmay_fountain_box
D:10:     minmay_flawed_box, layout_long_grid, elyvilon_altar_5, enter_bailey_6,
          nicolae_trove_entry_free_sample, kennysheep_windowed_goal, uniq_erica
D:11:     kennysheep_blocky_room, layout_cave_pools, portal_ice_cave_rime
Temple:   minmay_freezing_vapour_temple
Lair:1:   lemuel_slime, layout_hall_layers
Orc:1:    dreamdust_wu_jian_sword_trials, layout_caves, serial_shops, shop,
          shop, shop, nicolae_shop_behind_doors,
          nicolae_shop_competitors_out_of_business,
          regret_index_minedec_guest_junction, uniq_maurice, uniq_nergalle
Orc:2:    st_orc_town, layout_caves, serial_shops, bzr_entry_road, basic_altar
IceCv:    ice_cave_hellmonk_azure_passage

Skill      XL: |  1  2  3  4  5  6  7  8  9 10 11 12 |
---------------+-------------------------------------+-----
Fighting       | 1 2 3 4 6 7 |  7.0
Summonings     | 1 2 |  2.1
Unarmed Combat | 2 4 5 7 10 11 | 11.7
Ranged Weapons | 2 5 6 |  6.0
Armour         | 1 |  1.0
Shapeshifting  | 7 10 | 10.0
Dodging        | 4 7 |  7.9
Stealth        | 4 6 |  6.0
Invocations    | 3 |  3.6
Earth Magic    | 3 |  3.3
Spellcasting   | |  2.0
Conjurations   | |  0.7

Action                     |  1- 3 |  4- 6 |  7- 9 | 10-12 || total
---------------------------+-------+-------+-------+-------++-------
  Melee: Unarmed           |    20 |       |       |   365 ||   385
         Short sword       |    23 |       |       |       ||    23
         Constrict         |       |       |       |    73 ||    73
         Punch             |       |       |       |     8 ||     8
   Fire: Sling             |       |   125 |   492 |   210 ||   827
   Cast: Sandblast         |    70 |    53 |     2 |    11 ||   136
 Invoke: Draw Destruction  |       |       |       |     6 ||     6
Ability: Begin Untransform |       |       |       |     1 ||     1
  Evoke: Wand              |       |       |       |     6 ||     6
    Use: Scroll            |       |       |     4 |     2 ||     6
   Stab: Sleeping          |     1 |       |       |     3 ||     4
 Armour: Robe              |    45 |    57 |    39 |       ||   141
         Leather armour    |       |       |    94 |   135 ||   229
         Skin              |       |       |       |   146 ||   146
  Dodge: Dodged            |    74 |    99 |   234 |   358 ||   765
  Block: Other             |       |       |    40 |       ||    40
         Reflection        |       |       |     2 |       ||     2
   Form: Blade             |       |       |       |     2 ||     2
         Serpent           |       |       |       |     2 ||     2
